 Dungeon Crawl Stone Soup version 0.31-a0-881-ge136f0c47a (webtiles) character file.

Game seed: 10047127573543372848

226754 inmateoo the Phalangite (level 18, -1/166 HPs)
             Began as a Minotaur Fighter on Oct 16, 2023.
             Was the Champion of Okawaru.
             Killed by divine providence
             ... invoked by a sphinx
              (16 damage)
             ... on level 3 of the Vaults.
             The game lasted 00:30:46 (31647 turns).

inmateoo the Phalangite (Minotaur Fighter)         Turns: 31647, Time: 00:30:47

Health: -1/166     AC: 29    Str: 28    XL:     18   Next: 65%
Magic:  33/33      EV:  8    Int: 11    God:    Okawaru [******]
Gold:   2496       SH: 36    Dex: 14    Spells: 17/17 levels left

rFire   + + .        J - +5 demon trident (vamp)
rCold   + + +        H - +18 shield of the Gong {Loud rN+ Will+ rCorr EV-5}
rNeg    + . .        K - +9 plate armour of Thoughtfulness {rPois rC++ rCorr}
rPois   +            (helmet restricted)
rElec   .            h - scarf "Edariti" {shadows, rF++ rC+ Will+ MP+9}
rCorr   +            R - +0 pair of gloves
SInv    .            c - +0 pair of boots of Hangman {rPois}
Will    +++..        s - amulet of reflection Stlth
                     F - ring of protection from cold
HPRegen 0.47/turn    W - ring "Igaumagg" {rPois rF+ Str+3 Int+6}
MPRegen 0.23/turn

%: reflection
@: studying Staves
A: horns 2, retaliatory headbutt, heat vulnerability 1, noise suppression
}: 1/15 runes: barnacled
a: Renounce Religion, Heroism, Finesse, Duel


You were on level 3 of the Vaults.
You worshipped Okawaru.
Okawaru was exalted by your worship.
You visited 6 branches of the dungeon, and saw 30 of its levels.
You also visited: Bailey, Gauntlet and Ice Cave.

You collected 4056 gold pieces.
You spent 1560 gold pieces at shops.

Inventory:

Hand Weapons
 n - a +5 demon trident of electrocution
 J - a +5 vampiric demon trident (weapon)
Missiles
 B - 23 silver javelins (quivered)
 C - 4 throwing nets
Armour
 c - the +0 pair of boots of Hangman (worn) {rPois}
   (You found it on level 15 of the Dungeon)

   rPois:     It protects you from poison
 h - the scarf "Edariti" (worn) {shadows, rF++ rC+ Will+ MP+9}
   (You acquired it on level 10 of the Dungeon)

   rF++:      It greatly protects you from fire.
   rC+:       It protects you from cold.
   Will+:     It increases your willpower.
   MP+9:      It affects your magic capacity (+9).
 H - the +18 shield of the Gong (worn) {Loud rN+ Will+ rCorr EV-5}
   (You found it on level 1 of the Lair of Beasts)

   Loud:      It is deafeningly noisy when blocking attacks.
   EV-5:      It affects your evasion (-5).
   rN+:       It protects you from negative energy.
   Will+:     It increases your willpower.
   rCorr:     It protects you from acid and corrosion.
 K - the +9 plate armour of Thoughtfulness (worn) {rPois rC++ rCorr}
   (Okawaru gifted it to you in an ice cave)

   rC++:      It greatly protects you from cold.
   rPois:     It protects you from poison rCorr: It protects you from acid and
   corrosion.
 N - a +2 kite shield of cold resistance
 R - a +0 pair of gloves (worn)
Jewellery
 f - a ring of see invisible
 s - an amulet of reflection (around neck)
 t - a ring of willpower
 v - a +6 ring of intelligence
 x - the ring of Emont {Will+ rCorr MP+9 Str-4}
   (You found it on level 4 of the Shoals)

   [ring of willpower]

   Str-4:     It affects your strength (-4).
   Will+:     It increases your willpower.
   MP+9:      It affects your magic capacity (+9).
   rCorr:     It protects you from acid and corrosion.
 F - a ring of protection from cold (left hand)
 S - a +6 ring of strength
 T - an amulet of regeneration
 V - a +4 ring of slaying
 W - the ring "Igaumagg" (right hand) {rPois rF+ Str+3 Int+6}
   (You found it in a Gauntlet)

   [ring of intelligence]

   Str+3:     It affects your strength (+3).
   Int+6:     It affects your intelligence (+6).
   rF+:       It protects you from fire.
   rPois:     It protects you from poison
 X - a +6 ring of strength
 Z - a ring of willpower
Wands
 a - a wand of paralysis (18)
 o - a wand of flame (61)
 A - a wand of light (8)
 D - a wand of polymorph (1)
 I - a wand of mindburst (23)
 O - a wand of iceblast (8)
Scrolls
 m - 4 scrolls of vulnerability
 p - 11 scrolls of teleportation
 q - 4 scrolls of revelation
 r - a scroll of blinking
 y - 3 scrolls of fear
 L - 5 scrolls of enchant armour
 P - 19 scrolls of identify
 Q - 4 scrolls of fog
 U - 3 scrolls of amnesia
 Y - a scroll of brand weapon
Potions
 b - 4 potions of magic
 d - 3 potions of might
 e - 5 potions of attraction
 g - 4 potions of lignification
 i - 8 potions of curing
 j - 8 potions of resistance
 k - 14 potions of heal wounds
 l - 2 potions of berserk rage
 u - 5 potions of brilliance
 z - 4 potions of enlightenment
 E - 7 potions of mutation
 G - 14 potions of ambrosia
 M - 3 potions of haste


   Skills:
 + Level 16.3 Fighting
 * Level 21.6 Polearms
 + Level 10.8 Throwing
 + Level 16.2 Armour
 + Level 14.1 Dodging
 + Level 15.8 Shields
 - Level 10.0 Invocations


You had 17 spell levels left.
You didn't know any spells.
Your spell library contained the following spells:

 Spells                   Type           Power      Damage    Failure   Level
 Freeze                   Ice            0%         1d3       95%         1
 Magic Dart               Conj           0%         1d3       95%         1
 Sting                    Tmut/Pois      0%         1d3       95%         1
 Ensorcelled Hibernation  Hex/Ice        0%         N/A       99%         2
 Jinxbite                 Hex            0%         N/A       99%         2
 Poisonous Vapours        Pois/Air       0%         N/A       99%         2
 Frozen Ramparts          Ice            0%         1d1       100%        3
 Hailstorm                Conj/Ice       0%         3d3       100%        3
 Ignite Poison            Fire/Tmut/Pois 0%         N/A       100%        3
 Inner Flame              Hex/Fire       0%         N/A       100%        3
 Mephitic Cloud           Conj/Pois/Air  0%         N/A       100%        3
 Stone Arrow              Conj/Erth      0%         3d7       100%        3
 Anguish                  Hex/Necr       0%         N/A       100%        4
 Cause Fear               Hex            0%         N/A       100%        4
 Flame Wave               Conj/Fire      0%         2d4       100%        4
 Leda's Liquefaction      Hex/Erth       0%         N/A       100%        4
 Manifold Assault         Tloc           0%         N/A       100%        4
 Olgreb's Toxic Radiance  Pois           0%         N/A       100%        4
 Passage of Golubria      Tloc           0%         N/A       100%        4
 Petrify                  Tmut/Erth      0%         N/A       100%        4
 Sticky Flame             Conj/Fire      0%         2d3       100%        4
 Vhi's Electric Charge    Tloc/Air       0%         N/A       100%        4
 Alistair's Intoxication  Tmut/Pois      0%         N/A       100%        5
 Arcjolt                  Conj/Air       0%         1d10      100%        5
 Borgnjor's Vile Clutch   Necr/Erth      0%         N/A       100%        5
 Lee's Rapid Deconstruct  Erth           0%         3d4*      100%        5
 Metabolic Englaciation   Hex/Ice        0%         N/A       100%        5
 Silence                  Hex/Air        0%         N/A       100%        5
 Bombard                  Conj/Erth      0%         9d1       100%        6
 Dispersal                Tloc           0%         N/A       100%        6
 Eringya's Noxious Bog    Tmut/Pois      0%         4d6       100%        6
 Plasma Beam              Fire/Air       0%         2x1d10    100%        6
 Enfeeble                 Hex            0%         N/A       100%        7
 Borgnjor's Revivificati  Necr           0%         N/A       100%        8
 Disjunction              Tloc           0%         N/A       100%        8
 Ignition                 Fire           0%         3d3       100%        8
 Lehudib's Crystal Spear  Conj/Erth      0%         10d2      100%        8
 Death's Door             Necr           0%         N/A       100%        9
 Call Imp                 Summ           Unusable   N/A       N/A         2
 Animate Armour           Summ/Erth      Unusable   N/A       N/A         4
 Summon Ice Beast         Ice/Summ       Unusable   N/A       N/A         4
 Simulacrum               Ice/Necr       Unusable   N/A       N/A         6
 Haunt                    Necr/Summ      Unusable   N/A       N/A         7

Dungeon Overview and Level Annotations

Branches:
Dungeon (15/15)            Temple (1/1) D:6            Lair (5/5) D:9
 Shoals (4/4) Lair:3        Snake (0/4) Lair:2        Slime (0/5) Lair:4
    Orc (2/2) D:11            Elf (0/3) Orc:2        Vaults (3/5) D:14
  Crypt (0/3) Vaults:2     Depths (0/4) D:15         Bailey (visited)
  IceCv (visited)         Gauntlet (visited)

Altars:
Ashenzari
Cheibriados
Dithmenos
Elyvilon
Fedhas
Gozag
Hepliaklqana
Kikubaaqudgha
Makhleb
Nemelex Xobeh
Okawaru
Qazlal
Ru
Sif Muna
Trog
Uskayaw
Vehumet
Wu Jian
Xom
Yredelemnul
Zin
The Shining One
Jiyva

Shops:
D:3 ?!=   D:4 (*   D:9 =   Orc:1 :   Orc:2 :!(*

Annotations:
D:10 3 runed translucent doors, flestrin's ghost, journeyman FoFi
D:13 2 transporters, Jaeviudi's ghost, journeyman GnRe


Innate Abilities, Weirdness & Mutations

You have a pair of horns on your head.
You reflexively headbutt those who attack you in melee.
You are vulnerable to heat. (rF-)
You passively dampen the noise of your surroundings.


Message History

Press: ? - help, Dir - move target, p - vault guard
As you read the scroll of blinking, it crumbles to dust.
The vault guard seems to regain its courage.
The vault warden is engulfed in poison gas.
The vault warden looks as sick as possible!
You block the vault warden's attack.
PTOANNNG!
You block the vault guard's attack.
BONNNG!
You hear a shout!
You puncture the vault guard!
You feel better.
The vault guard is almost dead.
You block the vault guard's attack.
PANG!
You hear a roar!
You puncture the vault guard!
You feel better.
The vault guard is almost dead.
The vault warden is engulfed in poison gas.
The vault warden looks as sick as possible!
You block the vault warden's attack.
BONNNG!
You hear a roar!
You hear a shout!
You hear a deafening roar!
You puncture the vault guard!
You feel better.
You kill the vault guard!
Okawaru accepts your kill.
The sphinx mumbles some strange words.
Something smites you!
* * * LOW HITPOINT WARNING * * *
The dire elephant looks as sick as possible!
The vault warden looks as sick as possible!
There is an open door, summoned here.
Things that are here:
a +1 dire flail; a +0 plate armour The vault warden is engulfed in poison gas.
The vault warden looks as sick as possible!
The vault warden attacks as it pursues you!
You block the vault warden's attack.
GONNNNG!
The dire elephant is engulfed in poison gas.
The dire elephant looks as sick as possible!
The sphinx casts a spell.
Something smites you!
You die...

# #p)# # #.§# # #○H# # #§°# #
#Y§# # #§○# # #○☼#
#################p###########
................@..+).......#
...................+).......#
...................#.......^#
...................#........#
.................).#...)....#
...................#........#
.................[.#........#
###########'####)##########'#####
#...........# ##)###.## #.......#


You could see a dire elephant (extremely poisoned), a sphinx (extremely
poisoned) and a vault warden (strong, extremely poisoned).

Vanquished Creatures
  Jory (Vaults:2)
  2 sphinxes
  4 krakens
  Kirke (Shoals:2)
  A frost giant (IceCv)
  The ghost of Xig Suan the Devastator, an adept DECj of Sif Muna (Shoals:3)
  An orc warlord (Bailey)
  8 vault wardens
  A formless jellyfish (Vaults:3)
  7 ironbound preservers
  5 ironbound thunderhulks
  3 minotaurs
  7 dire elephants
  An ettin (Vaults:3)
  A merfolk javelineer (Shoals:4)
  A merfolk impaler (Shoals:4)
  4 yaktaur captains
  4 great orbs of eyes
  An entropy weaver (Vaults:1)
  4 hydras
  The ghost of Stil the Martial Artist, a journeyman OpSh of Gozag (Lair:2)
  10 vault guards
  A merfolk avatar (Shoals:4)
  11 centaur warriors
  A rakshasa (D:15)
  7 ironbound frosthearts
  An ogre mage (D:15)
  A peacekeeper (Vaults:3)
  16 satyrs
  3 boulder beetles
  10 two-headed ogres
  4 death yaks
  2 tengu warriors (D:15)
  2 orc high priests (Orc:2)
  Amaemon (Lair:3)
  A spectral death yak (Lair:5)
  A skyshark (Shoals:1)
  9 sea snakes
  A spectral anaconda (Lair:5)
  6 wizards
  19 deep trolls
  2 deep elf zephyrmancers (D:15)
  14 lindwurms
  8 ironbound convokers
  2 obsidian statues
  22 harpies
  An orc knight (Bailey)
  7 necromancers
  6 cyclopes
  4 deep elf pyromancers
  15 manticores
  12 fauns
  15 orc sorcerers
  14 ugly things
  A salamander (Lair:2)
  3 black mambas
  17 elephants
  8 vault sentinels
  2 water nymphs
  A torpor snail (Lair:4)
  3 merfolk sirens
  A gargoyle (D:10)
  An orange demon (Lair:3)
  A smoke demon (Gauntlet)
  An ice statue (IceCv)
  A human zombie (Vaults:1)
  13 cane toads
  A centaur skeleton (D:15)
  An unseen horror (D:13)
  7 kobold demonologists
  26 yaktaurs
  13 komodo dragons
  4 rime drakes
  An efreet (D:14)
  11 polar bears
  A queen bee (Lair:1)
  3 trolls
  17 merfolk
  A tarantella (shapeshifter) (D:13)
  5 wind drakes
  A meliai zombie (D:15)
  6 dream sheep (Lair:5)
  24 blink frogs
  8 snapping turtles
  A jumping spider (shapeshifter) (D:12)
  A culicivora (Vaults:1)
  37 slime creatures
  A shadow (D:11)
  3 vampires
  A spriggan (shapeshifter) (Vaults:3)
  3 water elementals
  72 yaks
  3 wraiths (D:11)
  A centaur simulacrum (D:15)
  6 wyverns
  21 humans
  5 basilisks
  A neqoxec (Gauntlet)
  2 steam dragons
  11 vampire mosquitoes
  A yaktaur simulacrum (Vaults:1)
  A hog (Shoals:2)
  2 chaos spawn (Gauntlet)
  A death yak simulacrum (Lair:5)
  Duvessa (D:6)
  8 wargs
  17 water moccasins
  2 acid dragons
  An ice beast (D:5)
  An elephant zombie (Lair:5)
  5 ogres
  32 orc warriors
  2 black bears
  3 boggarts (Vaults:1)
  27 wolves
  10 centaurs
  2 phantoms
  4 kobold brigands
  17 bullfrogs
  3 gnoll sergeants
  4 scorpions
  A cane toad simulacrum (Lair:5)
  Dowan (D:6)
  A human simulacrum (Vaults:1)
  29 killer bees
  7 howler monkeys
  3 crimson imps (Gauntlet)
  5 jellies
  A hound (shapeshifter) (D:15)
  2 lava snakes (Lair:2)
  7 orc priests
  2 hounds
  A sleepcap (D:6)
  2 iguanas
  41 orc wizards
  22 gnolls
  9 adders
  A shadow imp (D:8)
  3 white imps
  2 ufetubi
  2 dart slugs (D:1)
  110 orcs
  9 ball pythons
  7 bats
  5 endoplasms
  3 giant cockroaches
  15 goblins
  23 hobgoblins
  7 jackals
  3 quokkas
  40 kobolds
  8 rats
  15 tentacles
1171 creatures vanquished.

Vanquished Creatures (others)
  A wizard (D:14)
  2 manticores (Shoals:4)
  A polar bear (IceCv)
  A boggart (Vaults:1)
  3 orcs
  36 tentacles
44 creatures vanquished.

Grand Total: 1215 creatures vanquished

Notes
Turn   | Place    | Note
-------+----------+-------------------------------------------
     0 | D:1      | inmateoo the Minotaur Fighter began the quest for the Orb.
     0 | D:1      | Reached XP level 1. HP: 19/19 MP: 0/0
    94 | D:1      | Reached XP level 2. HP: 27/27 MP: 1/1
   127 | D:1      | Reached skill level 3 in Polearms
   332 | D:1      | Reached XP level 3. HP: 33/33 MP: 2/2
   864 | D:2      | Reached skill level 1 in Dodging
  1243 | D:2      | Reached XP level 4. HP: 40/40 MP: 3/3
  1392 | D:3      | Noticed a phantom
  1402 | D:2      | Killed a phantom
  1403 | D:2      | Reached skill level 4 in Polearms
  1403 | D:2      | Reached XP level 5. HP: 40/47 MP: 4/4
  1497 | D:3      | Noticed a centaur
  1507 | D:3      | Killed a centaur
  1608 | D:3      | Found Ekim's Jewellery Emporium.
  1616 | D:3      | Reached skill level 5 in Polearms
  1616 | D:3      | Reached XP level 6. HP: 47/53 MP: 5/5
  1647 | D:3      | Found Ogaodgh's Distillery.
  1708 | D:3      | Found Xiypyann's Magic Scroll Shoppe.
  1712 | D:3      | Bought a potion of curing for 33 gold pieces
  1712 | D:3      | Bought a potion of heal wounds for 55 gold pieces
  1944 | D:3      | Found a broken altar of Ashenzari.
  1945 | D:3      | Found an ancient bone altar of Kikubaaqudgha.
  2011 | D:3      | Found a sparkling altar of Nemelex Xobeh.
  2020 | D:3      | Found a white marble altar of Elyvilon.
  2199 | D:4      | Reached skill level 5 in Fighting
  2199 | D:4      | Reached skill level 5 in Armour
  2257 | D:4      | Reached skill level 5 in Shields
  2335 | D:4      | Found Zin's Purification Station.
  2343 | D:4      | Reached XP level 7. HP: 61/61 MP: 6/6
  2393 | D:4      | Reached skill level 6 in Polearms
  2709 | D:4      | Found Baidgh's Antique Weapon Emporium.
  2812 | D:4      | Found a glowing silver altar of Zin.
  2967 | D:5      | Entered Level 5 of the Dungeon
  3134 | D:5      | Found a basalt altar of Yredelemnul.
  3594 | D:5      | Reached skill level 7 in Polearms
  3594 | D:5      | Reached XP level 8. HP: 70/70 MP: 7/7
  3617 | D:5      | Found a sacrificial altar of Ru.
  3955 | D:6      | Found a staircase to the Ecumenical Temple.
  4462 | D:6      | Found a snail-covered altar of Cheibriados.
  4518 | D:6      | Noticed Duvessa
  4518 | D:6      | Noticed Dowan
  4525 | D:6      | Killed Dowan
  4526 | D:6      | Reached skill level 8 in Polearms
  4545 | D:6      | Killed Duvessa
  4743 | D:6      | Found a radiant altar of Vehumet.
  4899 | Temple   | Entered the Ecumenical Temple
  4907 | Temple   | Became a worshipper of Warmaster Okawaru
  5052 | D:7      | Reached skill level 1 in Invocations
  5126 | D:6      | Reached XP level 9. HP: 55/78 MP: 8/8
  5154 | D:6      | Reached skill level 5 in Dodging
  5156 | D:6      | Reached * piety under Okawaru
  5342 | D:7      | Reached skill level 9 in Polearms
  5642 | D:7      | Found a hide-covered altar of Uskayaw.
  5904 | D:7      | Found a bloodstained altar of Trog.
  6276 | D:8      | Found a shimmering blue altar of Sif Muna.
  6419 | D:9      | Found Hoareyp's Jewellery Boutique.
  6440 | D:9      | Reached ** piety under Okawaru
  6532 | D:9      | Found a staircase to the Lair.
  6571 | D:9      | Noticed a two-headed ogre
  6583 | D:9      | Killed a two-headed ogre
  6584 | D:9      | Reached skill level 10 in Polearms
  6584 | D:9      | Reached XP level 10. HP: 61/88 MP: 11/11
  7183 | D:10     | Entered Level 10 of the Dungeon
  7274 | D:10     | Found a flagged portal.
  7287 | Bailey   | Entered a bailey
  7338 | Bailey   | Noticed an orc knight
  7341 | Bailey   | Reached *** piety under Okawaru
  7364 | Bailey   | Killed an orc knight
  7665 | Bailey   | Reached skill level 11 in Polearms
  7810 | Bailey   | Noticed an orc warlord
  7824 | Bailey   | Killed an orc warlord
  7824 | Bailey   | Reached **** piety under Okawaru
  7941 | D:10     | Found a runed translucent gate.
  7941 | D:10     | Noticed flestrin's ghost (journeyman FoFi)
  7946 | D:10     | Noticed a tengu warrior
  7950 | D:10     | Found a runed translucent gate.
  7950 | D:10     | Found a runed translucent gate.
  8032 | D:10     | Reached XP level 11. HP: 81/95 MP: 13/13
  8511 | D:10     | Acquired the scarf "Edariti" {shadows, rF++ rC+ Will+ MP+9}
  8689 | D:11     | Reached ***** piety under Okawaru
  8690 | D:11     | Reached skill level 5 in Invocations
  8740 | D:11     | Reached skill level 12 in Polearms
  8755 | D:11     | Received a gift from Okawaru
  8885 | D:11     | Identified the +0 leather armour of the Sky {rPois rF+}
  8959 | D:11     | Noticed a two-headed ogre
  8968 | D:11     | Killed a two-headed ogre
  9255 | D:11     | Found a staircase to the Orcish Mines.
  9512 | D:12     | Noticed a cyan ugly thing
  9524 | D:12     | Killed a cyan ugly thing
  9708 | D:12     | Noticed a boulder beetle
  9741 | D:12     | Killed a boulder beetle
 10028 | D:12     | Found a frozen archway.
 10052 | IceCv    | Entered an ice cave
 10175 | IceCv    | Noticed a death yak
 10175 | IceCv    | Noticed a death yak
 10189 | IceCv    | Killed a death yak
 10190 | IceCv    | Reached skill level 13 in Polearms
 10190 | IceCv    | Reached skill level 10 in Armour
 10200 | IceCv    | Killed a death yak
 10200 | IceCv    | Received a gift from Okawaru
 10201 | IceCv    | Reached skill level 10 in Fighting
 10201 | IceCv    | Reached XP level 12. HP: 49/106 MP: 15/15
 10451 | IceCv    | Reached skill level 10 in Shields
 10456 | IceCv    | Reached ****** piety under Okawaru
 10521 | IceCv    | Acquired a +1 vampiric demon trident
 10521 | IceCv    | Received a gift from Okawaru
 10523 | IceCv    | Acquired the +9 plate armour of Thoughtfulness {rPois rC++
                  | rCorr}
 10523 | IceCv    | Received a gift from Okawaru
 10768 | IceCv    | Noticed a frost giant
 10808 | IceCv    | Killed a frost giant
 11077 | IceCv    | Received a gift from Okawaru
 11362 | D:12     | Reached skill level 14 in Polearms
 11376 | D:12     | Reached skill level 1 in Throwing
 11517 | D:12     | Received a gift from Okawaru
 12242 | D:13     | Noticed a boulder beetle
 12281 | D:13     | Killed a boulder beetle
 12282 | D:13     | Reached XP level 13. HP: 116/116 MP: 17/17
 12333 | D:13     | Gained mutation: You are dopey. (Int -2) [a neqoxec]
 12456 | D:13     | Noticed Jaeviudi's ghost (journeyman GnRe)
 12489 | D:13     | Found a transporter.
 12524 | D:13     | Found a transporter.
 12652 | D:13     | Received a gift from Okawaru
 13184 | D:14     | Reached skill level 15 in Polearms
 13409 | D:14     | Received a gift from Okawaru
 13918 | D:14     | Found a gate to the Vaults.
 14156 | D:14     | Reached skill level 10 in Dodging
 14179 | D:14     | Received a gift from Okawaru
 14546 | D:14     | Acquired 820 gold pieces
 14580 | D:15     | Entered Level 15 of the Dungeon
 14698 | D:15     | Identified the +0 pair of boots of Hangman {rPois}
 14910 | D:15     | Identified the +7 plate armour of Divine Compulsion {rElec
                  | rPois Int-2}
 14975 | D:15     | Reached XP level 14. HP: 117/126 MP: 19/19
 15021 | D:15     | Reached skill level 16 in Polearms
 15029 | D:15     | Received a gift from Okawaru
 15286 | D:15     | Reached skill level 5 in Throwing
 15357 | D:15     | Found a staircase to the Depths.
 15693 | Lair:1   | Entered Level 1 of the Lair of Beasts
 15693 | Lair:1   | Found the +18 shield of the Gong {Loud rN+ Will+ rCorr
                  | EV-5}
 15763 | Lair:1   | Received a gift from Okawaru
 16158 | Lair:1   | You fall into a shaft and drop 1 floor!
 16158 | Lair:2   | Found a stormy altar of Qazlal.
 16255 | Lair:2   | Found a staircase to the Snake Pit.
 16333 | Lair:2   | Received a gift from Okawaru
 16394 | Lair:2   | Found a runed translucent gate.
 16395 | Lair:2   | Found a runed translucent gate.
 16396 | Lair:2   | Found a runed translucent gate.
 16397 | Lair:2   | Noticed Stil's ghost (journeyman OpSh)
 17249 | Lair:2   | Killed Stil's ghost
 17300 | Lair:3   | Noticed Amaemon
 17345 | Lair:3   | Killed Amaemon
 17391 | Lair:3   | Reached skill level 17 in Polearms
 17399 | Lair:3   | Received a gift from Okawaru
 17431 | Lair:3   | Reached XP level 15. HP: 134/134 MP: 20/20
 17612 | Lair:3   | Found a staircase to the Shoals.
 19027 | Lair:4   | Found a gate leading to a gauntlet.
 19038 | Gauntlet | Entered a Gauntlet
 19045 | Gauntlet | Found a transporter.
 19045 | Gauntlet | Found a transporter.
 19058 | Gauntlet | Found a transporter.
 19059 | Gauntlet | Found a transporter.
 19069 | Gauntlet | Found a transporter.
 19123 | Gauntlet | Found a transporter.
 19139 | Gauntlet | Found a transporter.
 19155 | Gauntlet | Found a transporter.
 19158 | Gauntlet | Found a transporter.
 19169 | Gauntlet | Found a transporter.
 19172 | Gauntlet | Found a transporter.
 19185 | Gauntlet | Found a transporter.
 19296 | Gauntlet | Identified the ring "Igaumagg" {rPois rF+ Str+3 Int+6}
 19376 | Gauntlet | Received a gift from Okawaru
 19901 | Lair:4   | Found a viscous altar of Jiyva.
 19901 | Lair:4   | Found a staircase to the Slime Pits.
 20127 | Lair:5   | Entered Level 5 of the Lair of Beasts
 20299 | Lair:5   | Received a gift from Okawaru
 21168 | Lair:5   | Received a gift from Okawaru
 21228 | Lair:5   | Reached skill level 18 in Polearms
 21693 | Orc:1    | Entered Level 1 of the Orcish Mines
 21850 | Orc:2    | Entered Level 2 of the Orcish Mines
 21873 | Orc:2    | Gained mutation: You are weak. (Str -2) [a neqoxec]
 21907 | Orc:2    | Lost mutation: You are dopey. (Int -2) [potion of mutation]
 21907 | Orc:2    | Lost mutation: You are weak. (Str -2) [potion of mutation]
 21907 | Orc:2    | Gained mutation: You are vulnerable to heat. (rF-) [potion
                  | of mutation]
 21907 | Orc:2    | Gained mutation: You passively dampen the noise of your
                  | surroundings. [potion of mutation]
 22085 | Orc:2    | Found Uproitsublu's Weapon Boutique.
 22085 | Orc:2    | Found Fydyshas's Assorted Antiques.
 22099 | Orc:2    | Bought a scroll labelled NOUGYX GUYPA for 32 gold pieces
 22099 | Orc:2    | Bought a scroll of enchant weapon for 240 gold pieces
 22099 | Orc:2    | Bought a scroll of blinking for 240 gold pieces
 22099 | Orc:2    | Bought a scroll of enchant weapon for 240 gold pieces
 22158 | Orc:2    | Reached skill level 10 in Invocations
 22202 | Orc:2    | Received a gift from Okawaru
 22316 | Orc:2    | Reached XP level 16. HP: 145/145 MP: 22/22
 22583 | Orc:2    | Found Tout's Book Boutique.
 22583 | Orc:2    | Found Fauna's Distillery.
 22598 | Orc:2    | Bought a potion of resistance for 150 gold pieces
 22598 | Orc:2    | Bought a potion of resistance for 150 gold pieces
 22598 | Orc:2    | Bought 2 potions of mutation for 240 gold pieces
 22598 | Orc:2    | Bought a potion of mutation for 120 gold pieces
 22598 | Orc:2    | Bought a potion of might for 60 gold pieces
 22625 | Orc:2    | Found a staircase to the Elven Halls.
 23030 | Orc:1    | Found Jexkil's Self-Improvement Boutique.
 23528 | Shoals:1 | Entered Level 1 of the Shoals
 23637 | Shoals:1 | Identified the +7 falchion "Minotaur's Death" {antimagic,
                  | rC+ Str+3}
 24201 | Shoals:2 | Noticed a kraken
 24231 | Shoals:2 | Killed a kraken
 24628 | Shoals:2 | Noticed Kirke
 24645 | Shoals:2 | Killed Kirke
 24777 | Shoals:2 | Identified the +1 sling "Vikuxto" {flame, rPois rC+ Dex-5}
 25130 | Shoals:3 | Noticed a kraken
 25157 | Shoals:3 | Received a gift from Okawaru
 25187 | Shoals:3 | Killed a kraken
 25313 | Shoals:3 | Noticed a kraken
 25392 | Shoals:3 | Killed a kraken
 25470 | Shoals:3 | Found a runed translucent door.
 25472 | Shoals:3 | Noticed Xig Suan's ghost (adept DECj)
 25764 | Shoals:3 | Killed Xig Suan's ghost
 25768 | Shoals:3 | Identified the +4 halberd of Valuable Assets {freeze, Dex+2
                  | SInv}
 25788 | Shoals:4 | Entered Level 4 of the Shoals
 26098 | Shoals:4 | Received a gift from Okawaru
 26099 | Shoals:4 | Reached skill level 19 in Polearms
 26812 | Shoals:4 | Noticed a sphinx
 27062 | Shoals:3 | Received a gift from Okawaru
 27071 | Shoals:3 | Killed a sphinx
 27294 | Shoals:4 | Reached XP level 17. HP: 154/154 MP: 23/23
 27350 | Shoals:4 | Noticed a kraken
 27367 | Shoals:4 | Killed a kraken
 27392 | Shoals:4 | Got a barnacled rune of Zot
 27430 | Shoals:4 | Noticed a sphinx
 27438 | Shoals:4 | Killed a sphinx
 27499 | Shoals:4 | Got an unusual book
 27606 | Shoals:4 | Identified the ring of Emont {Will+ rCorr MP+9 Str-4}
 27758 | Lair:1   | Received a gift from Okawaru
 27926 | Vaults:1 | Entered Level 1 of the Vaults
 27936 | Vaults:1 | Reached skill level 15 in Armour
 27937 | Vaults:1 | Reached skill level 15 in Fighting
 28150 | Vaults:1 | Reached skill level 20 in Polearms
 28294 | Vaults:1 | Received a gift from Okawaru
 28713 | Vaults:1 | Received a gift from Okawaru
 28803 | Vaults:1 | Reached skill level 15 in Shields
 29176 | Vaults:1 | HP: 4/156 [dire elephant (42)]
 29780 | Vaults:2 | Received a gift from Okawaru
 29790 | Vaults:2 | Reached skill level 10 in Throwing
 30007 | Vaults:2 | Reached XP level 18. HP: 164/166 MP: 24/24
 30148 | Vaults:2 | Received a gift from Okawaru
 30269 | Vaults:2 | Found a staircase to the Crypt.
 30269 | Vaults:2 | Found a basalt altar of Yredelemnul.
 30269 | Vaults:2 | Found an ancient bone altar of Kikubaaqudgha.
 30298 | Vaults:2 | Noticed Jory
 30313 | Vaults:2 | Killed Jory
 30314 | Vaults:2 | Reached skill level 21 in Polearms
 31025 | Vaults:3 | Received a gift from Okawaru
 31409 | Vaults:3 | Received a gift from Okawaru
 31647 | Vaults:3 | Killed from afar by a sphinx

Illustrated notes

Levels and vault maps discovered:
D:1:      evilmike_arrival_crescent, layout_basic
D:2:      layout_rooms, minmay_tiny_reverse_x
D:3:      layout_rooms, mainiacjoe_overflow_divided_tiny,
          mainiacjoe_overflow_swirl, serial_shops, nicolae_shop_window_shopping,
          shop, shop, roderic_serpentine_path
D:4:      layout_basic, zin_purify, serial_shops, shop,
          nicolae_kite_square_tiling_tiny, eino_curves_02, minmay_ruptured
D:5:      layout_basic, lemuel_crystal_altar, mainiacjoe_overflow_brackets,
          grunt_ministairs_6
D:6:      layout_cave_pools, lemuel_doored_altar,
          mainiacjoe_overflow_six_doors_small, minmay_temple_entry_wispy,
          uniq_duvessa
D:7:      layout_basic, trog_hazing_becter, overflow_temple_1_default,
          minmay_chambers_of_fives
D:8:      layout_rooms, led_sif_pool
D:9:      layout_rooms, grunt_lair_entry_orc_guard_hut, serial_shops,
          nicolae_shop_temple_entry_statues_fountains,
          chequers_serial_rivers_large_a
D:10:     layout_irregular_city, gammafunk_ghost_split, enter_bailey_5
D:11:     layout_loops_ring, david_orc_4
D:12:     layout_loops_ring, portal_ice_cave_entry_pillars_1
D:13:     layout_irregular_city, gammafunk_ghost_arena
D:14:     cheibrodos_elevator_heist, layout_layer_cave,
          grunt_vaults_entry_tiered, nicolae_titane
D:15:     grunt_enter_depths_magical_seal, layout_loops_corners,
          corexii_corridor_pit
Temple:   eino_temple_lava
Lair:1:   layout_roguey [special_room_bee], nicolae_lair_grazing_beasts
          [nicolae_sub_lair_graze_edge, nicolae_sub_lair_graze_edge,
          nicolae_sub_lair_graze_edge, nicolae_sub_lair_graze_edge]
Lair:2:   layout_concentric_octagons, nicolae_snake_entry_warm_welcome,
          gammafunk_ghost_split, basic_altar, beast_lair_carwin_9,
          grunt_megastairs_3, serial_bayou_shore_a
Lair:3:   layout_gridlike, minmay_shoals_entry_beasts, beast_lair_carwin_4,
          lemuel_fruit_tree, serial_bayou_shore_b, uniq_amaemon
Lair:4:   layout_regular_city, dpeg_slime_entry_enclosed, gauntlet_entry_generic
Lair:5:   due_jungle_book, layout_concentric_octagons,
          eino_small_chamber_without_monster, st_stairs_13,
          serial_bayou_crossing, lemuel_fruit_fields
Shoals:1: layout_shoals
Shoals:2: layout_shoals, uniq_kirke
Shoals:3: layout_shoals, gammafunk_ghost_grave,
          nicolae_shoals_kraken_intersection
Shoals:4: shoals_end_hellmonk_lost_city
Orc:1:    layout_caves, nicolae_shop_self_help
Orc:2:    st_orc_town, layout_caves
Vaults:1: nicolae_vaults_big_ls, nicolae_vaults_little_squares_6,
          hangedman_vaults_hat, vaults_room_fours, ontoclasm_vaults_hangar,
          v_pattern_2, nicolae_vaults_little_squares_2,
          hangedman_vaults_corner_blocks, nicolae_vaults_mini_display_case,
          hangedman_vaults_restitches, nicolae_vaults_storage_room_doors,
          ontoclasm_vaults_loading_screen, ontoclasm_vaults_pinch,
          layout_vaults_maze_bifur
Vaults:2: nicolae_vaults_inception_corners, nicolae_vaults_door_testing_chamber,
          hangedman_vaults_stagger, v_rooms_3,
          nicolae_vaults_offset_grid_hallway_3, minmay_crypt_entry_necro_gods,
          vaults_mumra_hex, nicolae_vaults_diamond_2, v_misc_22, v_misc_11,
          nicolae_vaults_storage_room_statues, layout_vaults_big_room, uniq_jory
Vaults:3: st_greater_box_1, nicolae_vaults_network_periphery, v_alt_pattern_5,
          nicolae_vaults_network_quinsquares
          [nicolae_vaults_network_quincunx_subvault,
          nicolae_vaults_network_quincunx_subvault,
          nicolae_vaults_network_quincunx_subvault,
          nicolae_vaults_network_quincunx_subvault], hangedman_vaults_capsules,
          nicolae_vaults_asterisk, v_misc_18, nicolae_vaults_more_shelving_1,
          ontoclasm_vaults_fault, nicolae_vaults_specimen_jars,
          vaults_room_pools, layout_vaults_omnicross, serial_shops,
          nicolae_shop_gibbet_a_chance

Skill      XL: |  1  2  3  4  5  6  7  8  9 10 11 12 13 14 15 16 17 18 |
---------------+-------------------------------------------------------+-----
Polearms       | 3 4 5 7 8 10 11 13 14 15 17 18 19 20 21 | 21.6
Dodging        | 1 2 3 4 6 7 8 9 10 11 12 13 14 | 14.1
Fighting       | 4 5 6 7 8 10 11 12 13 14 15 16 | 16.3
Shields        | 4 5 6 7 8 9 10 11 12 13 14 15 | 15.8
Armour         | 4 5 6 7 8 10 11 12 13 14 15 16 | 16.2
Invocations    | 1 3 4 6 7 8 9 10 | 10.0
Throwing       | 2 4 6 7 8 10 | 10.8

Action                     |  1- 3 |  4- 6 |  7- 9 | 10-12 | 13-15 | 16-18 || total
---------------------------+-------+-------+-------+-------+-------+-------++-------
  Melee: Trident           |   105 |   110 |    86 |   549 |       |       ||   850
         Headbutt          |    10 |    13 |    61 |   234 |   424 |   405 ||  1147
         Spear             |       |       |   348 |   324 |       |       ||   672
         Demon trident     |       |       |       |   191 |  1920 |  1769 ||  3880
 Invoke: Heroism           |       |       |       |     1 |       |       ||     1
         Receive Weapon    |       |       |       |     1 |       |       ||     1
         Receive Armour    |       |       |       |     1 |       |       ||     1
  Evoke: Wand              |       |       |       |     6 |       |     6 ||    12
    Use: Scroll            |       |     5 |     9 |    11 |    11 |     8 ||    44
         Potion            |       |       |     5 |       |     2 |     1 ||     8
   Stab: Invisible         |       |       |       |     1 |       |     1 ||     2
 Armour: Scale mail        |    51 |    62 |   151 |       |       |       ||   264
         Skin              |       |       |    36 |       |       |       ||    36
         Acid dragon scale |       |       |    32 |   204 |       |       ||   236
         Plate armour      |       |       |       |   189 |   791 |   774 ||  1754
  Dodge: Dodged            |    35 |    53 |   134 |   240 |   223 |   202 ||   887
  Block: Buckler           |    14 |    26 |   183 |   240 |       |       ||   463
         Reflection        |       |       |    14 |    14 |    42 |   177 ||   247
         Kite shield       |       |       |       |   237 |  1840 |  2185 ||  4262
         Other             |       |       |       |       |     1 |       ||     1

Table legend: (Time is in decaauts)
 A = Elapsed time spent in this place.
 B = Non-inter-level travel time spent in this place.
 C = Inter-level travel time spent in this place.
 D = Time resting spent in this place.
 E = Time spent auto-exploring this place.
 F = Levels seen in this place.
 G = Mean time per level.
                   A        B        C        D        E       F      G
               +--------+--------+--------+--------+--------+-----+--------+
         Total |  30384 |  28695 |   1689 |   4973 |  16989 |  33 |  920.7 |
       Dungeon |  13785 |  12862 |    923 |   2130 |   8059 |  15 |  919.0 |
        Temple |     16 |     16 |      0 |      0 |      0 |   1 |   16.0 |
          Lair |   5351 |   4990 |    361 |    139 |   3673 |   5 | 1070.2 |
        Shoals |   4193 |   4025 |    168 |   1270 |   1977 |   4 | 1048.2 |
  Orcish Mines |   1558 |   1447 |    111 |    171 |    910 |   2 |  779.0 |
        Vaults |   3395 |   3272 |    123 |    556 |   1850 |   3 | 1131.7 |
        Bailey |    559 |    559 |      0 |    231 |     24 |   1 |  559.0 |
      Ice Cave |   1196 |   1196 |      0 |    476 |    352 |   1 | 1196.0 |
      Gauntlet |    327 |    327 |      0 |      0 |    143 |   1 |  327.0 |
               +--------+--------+--------+--------+--------+-----+--------+

Top non-repeatable levels by time:
Shoals:3: 1861 daAuts
Vaults:1: 1709 daAuts
    D:14: 1393 daAuts
    D:12: 1338 daAuts
  Lair:5: 1241 daAuts
   IceCv: 1196 daAuts
  Lair:2: 1176 daAuts
     D:5: 1153 daAuts
Vaults:2: 1090 daAuts
   Orc:2: 1073 daAuts
  Lair:3: 1054 daAuts
    D:11: 1031 daAuts
  Lair:1: 1026 daAuts
Shoals:1: 994 daAuts
    D:13: 957 daAuts
